 Dungeon Crawl Stone Soup version 0.27.0-1-g7a089689b8 (webtiles) character file.

Game seed: 6074732682927332517

46 graki42 the Grave Robber (level 3, -7/24 HPs)
             Began as a Mummy Necromancer on Aug 12, 2021.
             Mangled by Crazy Yiuf (17 damage)
             ... on level 2 of the Dungeon.
             The game lasted 00:05:49 (2389 turns).

graki42 the Grave Robber (Mummy Necromancer)        Turns: 2389, Time: 00:05:54

Health: -7/24      AC:  5    Str: 11    XL:     3   Next: 46%
Magic:  0/7        EV: 12    Int: 15    God:
Gold:   77         SH:  0    Dex: 12    Spells: 3/8 levels left

rFire    x . .     SeeInvis .   f - +0 whip
rCold    + . .     Faith    .   (no shield)
rNeg     + + +     Spirit   .   a - +0 robe
rPois    ∞         Reflect  .   g - +0 helmet
rElec    .         Harm     .   (no cloak)
rCorr    .         Rampage  .   d - +0 pair of gloves
Will     .....                  i - +0 pair of boots
Stlth    ++........             (no amulet)
HPRegen  0.08/turn              (no ring)
MPRegen  0.10/turn              (no ring)

@: very slightly contaminated
A: cold resistance 1, negative energy resistance 3, torment resistance 2, heat
vulnerability 1, no potions
a: no special abilities


You were on level 2 of the Dungeon.
You visited 1 branch of the dungeon, and saw 2 of its levels.

You collected 77 gold pieces.

Inventory:

Hand Weapons
 f - a +0 whip (weapon)
Missiles
 e - 50 stones
Armour
 a - a +0 robe (worn)
 d - a +0 pair of gloves (worn)
 g - a +0 helmet (worn)
 i - a +0 pair of boots (worn)
Scrolls
 b - 2 scrolls of immolation
 c - a scroll of acquirement {unknown}
 h - a scroll of enchant armour
 j - a scroll of enchant weapon
 k - a scroll of amnesia
 l - a scroll of blinking {unknown}
 m - a scroll of noise {unknown}
 n - a scroll of teleportation {unknown}


   Skills:
 + Level 1.8 Dodging
 + Level 1.7 Stealth
 + Level 3.0 Spellcasting
 + Level 4.9 Necromancy


You had 3 spell levels left.
You knew the following spells:

 Your Spells              Type           Power      Damage    Failure   Level
a - Pain                  Necr           68%        1d7       2%          1
b - Animate Skeleton      Necr           34%        N/A       2%          1
c - Vampiric Draining     Necr           8%         2d7       8%          3

Your spell library contained the following spells:

 Spells                   Type           Power      Damage    Failure   Level
 Summon Small Mammal      Summ           8%         N/A       21%         1
 Call Canine Familiar     Summ           2%         N/A       52%         3
 Summon Guardian Golem    Hex/Summ       2%         N/A       52%         3
 Animate Dead             Necr           8%         N/A       26%         4
 Agony                    Necr           17%        N/A       58%         5
 Haunt                    Necr/Summ      4%         N/A       100%        7
 Infestation              Necr           8%         N/A       100%        8


Dungeon Overview and Level Annotations

Branches:
Dungeon (2/15)

Altars:

Annotations:
D:2 Crazy Yiuf


Innate Abilities, Weirdness & Mutations

You are immune to poison.
Your flesh is cold resistant. (rC+)
You are immune to negative energy. (rN+++)
You are immune to unholy pain and torment.
You are vulnerable to heat. (rF-)
You do not drink.


Message History

Aiming: Pain (safe; 2% risk of failure)
Press: ? - help, Shift-Dir - straight line, f/p - Crazy Yiuf
Aim: Crazy Yiuf, wielding a +3 quarterstaff of chaos and wearing a +0 cloak (heavily wounded, chance to affect: 82%) Crazy Yiuf writhes in agony.
Crazy Yiuf closely misses you.
Casting: Pain (safe; 2% risk of failure)
Confirm with . or Enter, or press ? or * to list all spells.
Aiming: Pain (safe; 2% risk of failure)
Press: ? - help, Shift-Dir - straight line, f/p - Crazy Yiuf
Aim: Crazy Yiuf, wielding a +3 quarterstaff of chaos and wearing a +0 cloak (heavily wounded, chance to affect: 82%) Crazy Yiuf writhes in agony.
Crazy Yiuf cries, "You leg down broken song, no?"
Crazy Yiuf hits you with a +3 quarterstaff of chaos.
You convulse.
Casting: Pain (safe; 2% risk of failure)
Confirm with . or Enter, or press ? or * to list all spells.
You don't have enough magic to cast this spell.
You see here a +0 mace.
You see here a +0 mace.
Casting: Pain (safe; 2% risk of failure)
Confirm with . or Enter, or press ? or * to list all spells.
Okay, then.
You see here a +0 mace.
Casting: Pain (safe; 2% risk of failure)
Confirm with . or Enter, or press ? or * to list all spells.
The spell is quite dangerous to cast (8% risk of failure)!
Continue anyway?
Aiming: Vampiric Draining (quite dangerous; 8% risk of failure)
Press: ? - help, Shift-Dir - straight line, f/p - Crazy Yiuf
Aim: Crazy Yiuf, wielding a +3 quarterstaff of chaos and wearing a +0 cloak (severely wounded)
You miscast Vampiric Draining.
You are very lightly contaminated with residual magic.
Nothing appears to happen.
Crazy Yiuf cries, "Line!
Rifle head cower."
Crazy Yiuf hits you but does no damage.
You hit Crazy Yiuf.
Crazy Yiuf is almost dead.
Crazy Yiuf hits you with a +3 quarterstaff of chaos!
Ouch! That really hurt!
You are electrocuted!
Ouch! That really hurt!
You die...

#.# #.# ############.# #.#
#...#........# #.#
#...#.######## #.# #####
###...### ### ....# #.....#
....#####.....###♣♣♣♣♣
.......##.....##.g.♣.♣♣♣ ###
.......##.......@♣P)♣)g♣#.).#
.......####......PP♣♣♣♣.'.).#
.......# #....#.P♣♣ ♣♣#)))#
####...####....##♣♣ ###
...............#
###########.#..#
#.#.<############
#.####.#.#....#.#
#.#....#.#....#.#


You could see Crazy Yiuf.

Vanquished Creatures
  2 adders (D:2)
  A ball python (D:1)
  2 endoplasms (D:2)
  A giant cockroach (D:2)
  6 hobgoblins
  3 kobolds (D:1)
  2 quokkas
  3 bats
  2 frilled lizards
  5 rats
  A bush (D:2)
28 creatures vanquished.

Notes
Turn   | Place    | Note
-------+----------+-------------------------------------------
     0 | D:1      | graki42 the Mummy Necromancer began the quest for the Orb.
     0 | D:1      | Reached XP level 1. HP: 13/13 MP: 4/4
   198 | D:1      | Learned a level 1 spell: Animate Skeleton
   198 | D:1      | Found a faded altar of an unknown god.
   413 | D:1      | Reached XP level 2. HP: 19/19 MP: 3/5
  1071 | D:2      | Reached XP level 3. HP: 24/24 MP: 4/7
  1075 | D:2      | Learned a level 3 spell: Vampiric Draining
  2372 | D:2      | Found a runed translucent door.
  2373 | D:2      | Noticed Crazy Yiuf
  2389 | D:2      | Mangled by Crazy Yiuf

Illustrated notes

Levels and vault maps discovered:
D:1:      tarquinn_simple_flora_water_d, layout_loops_cross,
          hellmonk_ecumenical_altar_blasted, minmay_misc_feat_columns,
          patterned_corridor
D:2:      layout_basic, guppyfry_early_lair_pool, uniq_crazy_yiuf_cottage

Skill      XL: |  1  2  3 |
---------------+----------+-----
Spellcasting   | 3 |  3.0
Dodging        | |  1.8
Stealth        | |  1.7
Necromancy     | |  4.9

Action                   || total
-------------------------++-------
Melee: Whip              ||   196
 Cast: Pain              ||    54
       Animate Skeleton  ||     1
       Vampiric Draining ||     1
  Use: Scroll            ||     3
Armor: Robe              ||     2
Dodge: Dodged            ||    11
